 Dungeon Crawl Stone Soup version 0.28-a0-580-ga2639ab843 (webtiles) character file.

Game seed: 1577275350169734507

29 MisterAzrael the Shield-Bearer (level 3, 30/30 HPs)
             Began as a Formicid Fighter on Oct 2, 2021.
             Was a Follower of Vehumet.
             Quit the game on level 1 of the Dungeon.
             The game lasted 00:01:07 (925 turns).

MisterAzrael the Shield-Bearer (Formicid Fighter)    Turns: 925, Time: 00:01:08

Health: 30/30      AC:  9    Str: 21    XL:     3   Next: 32%
Magic:  3/3        EV:  9    Int:  7    God:    Vehumet [*.....]
Gold:   40         SH:  4    Dex: 10    Spells: 2/2 levels left

rFire   . . .      SeeInvis +   a - +0 long sword
rCold   . . .      Faith    .   c - +0 buckler
rNeg    . . .      Spirit   .   b - +0 scale mail
rPois   .          Reflect  .   (helmet unavailable)
rElec   .          Harm     .   f - +0 cloak
rCorr   .          Rampage  .   g - +0 pair of gloves
Will    .....                   (no boots)
Stlth   ..........              (no amulet)
HPRegen 0.10/turn               (no ring)
MPRegen 0.08/turn               (no ring)

@: no status effects
A: permanent stasis, dig shafts and tunnels, antennae 3, four strong arms
a: Dig, Shaft Self, Renounce Religion


You were on level 1 of the Dungeon.
You worshipped Vehumet.
Vehumet was aware of your devotion.
You visited 1 branch of the dungeon, and saw 1 of its levels.

You collected 40 gold pieces.

Inventory:

Hand Weapons
 a - a +0 long sword (weapon)
Armour
 b - a +0 scale mail (worn)
 c - a +0 buckler (worn)
 f - a +0 cloak (worn)
 g - a +0 pair of gloves (worn)
Jewellery
 h - a ring of wizardry
Scrolls
 e - a scroll of teleportation {unknown}
 j - a scroll of fog {unknown}
Potions
 d - 2 potions of might
 i - a potion of heal wounds {unknown}


   Skills:
 + Level 3.6 Fighting
 + Level 2.4 Long Blades
 + Level 3.6 Armour
 + Level 4.1 Shields


You had 2 spell levels left.
You didn't know any spells.
Your spell library was empty.

Dungeon Overview and Level Annotations

Branches:
Dungeon (1/15)

Altars:
Vehumet


Innate Abilities, Weirdness & Mutations

You cannot be hasted, slowed, berserked, paralysed or teleported.
You can dig through walls and to a lower floor.
You have a pair of large antennae on your head. (SInv)
Your four strong arms can wield two-handed weapons with a shield.


Message History

A spectral kobold is nearby!
A spectral kobold is nearby!
You enter the shallow water.
Moving in this stuff is going to be slow.
You block the spectral kobold's attack.
You closely miss the spectral kobold. The spectral kobold hits you.
You block the spectral kobold's attack.
You closely miss the spectral kobold.
The spectral kobold hits you but does no damage.
You hit the spectral kobold.
The spectral kobold is heavily damaged.
The spectral kobold barely misses you.
Your unstable footing causes you to fumble your attack.
You block the spectral kobold's attack.
Your unstable footing causes you to fumble your attack.
You block the spectral kobold's attack.
The spectral kobold completely misses you.
Your unstable footing causes you to fumble your attack.
The spectral kobold hits you but does no damage.
You hit the spectral kobold.
The spectral kobold is severely damaged.
The spectral kobold closely misses you.
You hit the spectral kobold.
You destroy the spectral kobold!
No target in view!
You enter the shallow water.
Moving in this stuff is going to be slow.
You enter the shallow water.
Moving in this stuff is going to be slow.
You open the gate.
There is an open gate here.
You enter the shallow water.
Moving in this stuff is going to be slow.
There is a faded altar of an unknown god here.
You cannot tell which god this altar belongs to.
Convert to them anyway?
Vehumet accepts your prayer! Vehumet welcomes you!
You can now gain magical power from killing.
Vehumet offers you knowledge of Foxfire.
Are you sure you want to abandon this character and quit the game? (Confirm with "yes".)

#.##.###.#### #.........##......
#.##........# #.#######.##..##..
......##.##.# #.# #.##..##..
..##.###.##.# #.#######.##..##..
.###.###.##.####..#..........)...
## #......≈≈≈≈..≈.≈≈≈≈≈..##.###..
# #####.≈####≈≈...####≈.##.####.
#..#8.#######≈8#..##..†...
#.≈≈≈≈≈≈≈@.≈≈≈.#≈########. #
#.≈≈≈#..≈....##≈.# ##' ##
#.≈≈.≈≈≈≈≈.≈≈#≈≈≈# ##.. .##
#.##≈#≈...≈.≈#≈.# ##... ..##
##.##≈##.≈≈≈≈#≈≈.## ##....
...####...#≈≈##'''##....####.....
...'........≈≈..≈≈≈.≈......+.....
...####...#########.....####.....
..## ###.##### ####.#.### ##....


There were no monsters in sight!

Vanquished Creatures
  A dart slug (D:1)
  2 endoplasms (D:1)
  3 giant cockroaches (D:1)
  2 goblins (D:1)
  4 hobgoblins (D:1)
  A kobold (D:1)
  4 bats (D:1)
  3 frilled lizards (D:1)
  5 rats (D:1)
  A spectral kobold (D:1)
26 creatures vanquished.

Notes
Turn   | Place    | Note
-------+----------+-------------------------------------------
     0 | D:1      | MisterAzrael the Formicid Fighter began the quest for the
                  | Orb.
     0 | D:1      | Reached XP level 1. HP: 18/18 MP: 1/1
   226 | D:1      | Reached XP level 2. HP: 24/24 MP: 2/2
   605 | D:1      | Reached skill level 4 in Shields
   605 | D:1      | Reached XP level 3. HP: 20/29 MP: 3/3
   896 | D:1      | Found a faded altar of an unknown god.
   924 | D:1      | Became a worshipper of Vehumet
   924 | D:1      | Reached * piety under Vehumet
   924 | D:1      | Offered knowledge of Foxfire by Vehumet.
   925 | D:1      | Quit the game

Illustrated notes

Levels and vault maps discovered:
D:1:      amcnicky_arrival_feature_with_door, layout_loops_corners,
          serial_shops, nicolae_shop_trees,
          dreamdust_ecumenical_altar_drowned_temple

Skill      XL: |  1  2 |
---------------+-------+-----
Shields        | 4 |  4.1
Fighting       | |  3.6
Long Blades    | |  2.4
Armour         | |  3.6

Action                   || total
-------------------------++-------
Melee: Long sword        ||    75
Armor: Scale mail        ||    49
Dodge: Dodged            ||    40
Block: Buckler           ||    23

Table legend: (Time is in decaauts)
 A = Elapsed time spent in this place.
 B = Non-inter-level travel time spent in this place.
 C = Inter-level travel time spent in this place.
 D = Time resting spent in this place.
 E = Time spent auto-exploring this place.
 F = Levels seen in this place.
 G = Mean time per level.
                   A        B        C        D        E       F      G
               +--------+--------+--------+--------+--------+-----+--------+
         Total |    954 |    954 |      0 |      0 |    732 |   1 |  954.0 |
       Dungeon |    954 |    954 |      0 |      0 |    732 |   1 |  954.0 |
               +--------+--------+--------+--------+--------+-----+--------+

Top non-repeatable levels by time:
     D:1: 954 daAuts
